[Event "Titled Tuesday Blitz March 21 Early 2023"]
[White "Basso, Pier Luigi"]
[Black "TheKnightOfBosnia"]
[WhiteFideId "866970"]
[WhiteElo "2438"]
[BlackElo "2519"]
[Result "0-1"]
[Round "03"]
[TimeControl "180+2"]
[Date "2023.03.21"]
[WhiteClock "0:00:16"]
[BlackClock "0:00:24"]

1. d4 Nf6 2. Nf3 e6 3. c4 Bb4+ 4. Bd2 a5 5. a3 Bxd2+ 6. Qxd2 O-O 7. Nc3 d5 8. cxd5 exd5 9. e3 b6 10. Bd3 Ba6 11. O-O Qe7 12. Ne5 Bxd3 13. Qxd3 Nbd7 14. f4 c5 15. Qf5 Qe6 16. Qxe6 fxe6 17. Nxd7 Nxd7 18. f5 cxd4 19. exd4 exf5 20. Nxd5 g6 21. Rac1 Rad8 22. Rc7 Nf6 23. Ne7+ Kh8 24. Nc6 Rd6 25. Rc1 Nd5 26. Ne5 Nxc7 27. Rxc7 Rxd4 28. Nf7+ Rxf7 29. Rxf7 Rd1+ 30. Kf2 Rd2+ 31. Kf3 Rxb2 32. Rb7 g5 33. a4 Rb3+ 34. Kf2 Kg8 35. Re7 h6 36. Re5 Kg7 37. Re6 Rb4 38. Kf3 Rb3+ 39. Kf2 f4 40. h3 Rb4 41. Kf3 Rxa4 42. Rxb6 Ra3+ 43. Kg4 Rg3+ 44. Kf5 f3 45. Rb7+ Kf8 46. Kf6 Ke8 47. Rb3 f2 48. Rxg3 f1=Q+ 49. Kg6 Qa6+ 50. Kh5 a4 51. Ra3 Kf7 52. Rg3 Qg6+ 53. Kg4 Qe4+ 0-1


[Site "https://www.chess.com"]

[Event "Titled Tuesday Blitz March 21 Early 2023"]
[White "Flores, Diego"]
[Black "Sonnenschein, Philipp"]
[WhiteFideId "108049"]
[BlackFideId "16250877"]
[WhiteElo "2606"]
[BlackElo "2224"]
[Result "1-0"]
[Round "03"]
[TimeControl "180+2"]
[Date "2023.03.21"]
[WhiteClock "0:00:22"]
[BlackClock "0:00:03"]

1. c4 e6 2. d4 Nf6 3. Nc3 Bb4 4. e3 O-O 5. a3 Bxc3+ 6. bxc3 Nc6 7. Ne2 b6 8. Ng3 Ba6 9. e4 d6 10. Bd3 e5 11. Bg5 exd4 12. Nh5 Ne5 13. Bxf6 gxf6 14. cxd4 Nxd3+ 15. Qxd3 Kh8 16. O-O Rg8 17. Rac1 Rg6 18. Rfe1 Qg8 19. Ng3 Re8 20. Qf3 Bb7 21. d5 Bc8 22. Kh1 Re5 23. Qf4 h5 24. f3 Qh7 25. h4 Re8 26. Re2 Reg8 27. Nf1 Qg7 28. Ne3 Rg3 29. Kh2 Kh7 30. Rg1 Bh3 31. Rf2 Bd7 32. Nf5 Bxf5 33. Qxf5+ Qg6 34. Qxg6+ R3xg6 35. g3 Re8 36. a4 Re5 37. a5 f5 38. axb6 axb6 39. Re1 fxe4 40. fxe4 Kg7 41. Kg2 Rg4 42. Kf3 Kg6 43. Rfe2 Re8 44. Re3 f6 45. R1e2 Ra8 46. c5 bxc5 47. Rb3 Ra4 48. Rb7 Ra3+ 49. Re3 Rxe3+ 50. Kxe3 Rxg3+ 51. Kf2 Rg4 52. Kf3 Rxh4 53. Rxc7 Rh1 54. Rc6 Rh3+ 55. Kf4 Rh4+ 56. Kf3 Kg5 57. Rxd6 Rf4+ 58. Ke3 h4 59. Rd8 h3 60. Rg8+ Kh6 61. Kxf4 c4 62. Rh8+ 1-0


[Site "https://www.chess.com"]

[Event "Titled Tuesday Blitz March 21 Early 2023"]
[White "Hambleton, Aman"]
[Black "Luo, Terry"]
[WhiteFideId "2606577"]
[BlackFideId "30931045"]
[WhiteElo "2511"]
[BlackElo "2265"]
[Result "1-0"]
[Round "03"]
[TimeControl "180+2"]
[Date "2023.03.21"]
[WhiteClock "0:00:13"]
[BlackClock "0:00:26"]

1. d4 Nf6 2. Bf4 g6 3. Nc3 d5 4. e3 Bg7 5. h4 O-O 6. h5 c5 7. hxg6 hxg6 8. Nf3 Nc6 9. dxc5 Qa5 10. Qd2 Qxc5 11. Ne5 Bf5 12. Bd3 Bxd3 13. Qxd3 Rad8 14. O-O-O a6 15. f3 b5 16. Nxc6 Qxc6 17. Be5 e6 18. Qd4 Ne8 19. Bxg7 Nxg7 20. Qf6 Rc8 21. Qh4 f6 22. a3 Kf7 23. e4 dxe4 24. Qxe4 Qxe4 25. Nxe4 Rcd8 26. c3 g5 27. Nc5 a5 28. Nb7 Rxd1+ 29. Rxd1 a4 30. Nd6+ Kg6 31. Nxb5 Nf5 32. Nd4 Ne3 33. Rd2 e5 34. Nc6 Rh8 35. Re2 Nd5 36. Nb4 Nf4 37. Rd2 Rh2 38. c4 Rxg2 39. Rxg2 Nxg2 40. c5 Nf4 41. c6 Ne6 42. Nd5 e4 43. fxe4 g4 44. Kd2 f5 45. exf5+ Kxf5 46. c7 Nxc7 47. Nxc7 Kf4 48. Ke2 Kg3 49. Nd5 Kh2 50. Ne3 g3 51. Nf1+ Kg2 52. Nxg3 Kxg3 53. Kd3 Kf3 54. Kc4 Ke4 55. Kb4 Kd5 56. Kxa4 Kc6 57. b4 Kb6 58. b5 Kb7 59. Kb4 Ka7 60. a4 Kb7 61. a5 Ka7 62. Kc5 1-0


[Site "https://www.chess.com"]

[Event "Titled Tuesday Blitz March 21 Early 2023"]
[White "Rom, Jasper"]
[Black "Weetik, Vjacheslav"]
[WhiteFideId "2023733"]
[BlackFideId "4153472"]
[WhiteElo "2233"]
[BlackElo "2469"]
[Result "0-1"]
[Round "03"]
[TimeControl "180+2"]
[Date "2023.03.21"]
[WhiteClock "0:00:15"]
[BlackClock "0:00:13"]

1. e4 c6 2. d4 d5 3. exd5 cxd5 4. Bd3 Nc6 5. c3 g6 6. Nf3 Bf5 7. Bxf5 gxf5 8. O-O e6 9. Bf4 Bd6 10. Ne5 Qc7 11. Re1 Nge7 12. Qh5 Bxe5 13. Rxe5 Qd7 14. Re2 Ng6 15. Bg5 h6 16. Bd2 O-O-O 17. Na3 Rdg8 18. Rae1 f4 19. Kh1 Nce7 20. Nc2 Nf5 21. g3 Qb5 22. b3 a5 23. Na3 Qd3 24. Bc1 fxg3 25. fxg3 Kb8 26. Rd2 Qxg3 27. Rg1 Qxg1+ 28. Kxg1 Nf4+ 29. Kf1 Nxh5 30. Rf2 Rc8 31. Nc2 Rxc3 32. Bb2 Rxc2 33. Rxc2 Ne3+ 34. Ke2 Nxc2 35. Kd3 Nb4+ 36. Kd2 Nxa2 37. Ba3 Rg8 38. Bd6+ Kc8 39. Kd3 Rg2 40. Ke3 Kd7 41. Kf3 Rb2 42. Be5 Rxb3+ 43. Kg4 a4 44. Kxh5 a3 45. Bg7 Nb4 46. Bf8 a2 47. Kxh6 a1=Q 0-1


[Site "https://www.chess.com"]

[Event "Titled Tuesday Blitz March 21 Early 2023"]
[White "Mortazavi, Ali"]
[Black "Liyanage, Ranindu Dilshan"]
[WhiteFideId "401323"]
[BlackFideId "9915834"]
[WhiteElo "2339"]
[BlackElo "2199"]
[Result "1-0"]
[Round "03"]
[TimeControl "180+2"]
[Date "2023.03.21"]
[WhiteClock "0:00:04"]
[BlackClock "0:00:05"]

1. e4 g6 2. d4 Bg7 3. Nc3 d6 4. Be3 a6 5. Qd2 b5 6. a4 b4 7. Nce2 Bb7 8. Ng3 a5 9. Bd3 Nd7 10. Nf3 c5 11. c3 Ngf6 12. h3 O-O 13. O-O Rc8 14. Bh6 Nb6 15. d5 e6 16. Bxg7 Kxg7 17. dxe6 fxe6 18. Rfe1 Nfd7 19. Bb5 Ne5 20. Nxe5 dxe5 21. Qe3 Qe7 22. Rad1 Rf4 23. f3 Rff8 24. Nf1 Bc6 25. Nh2 Bxb5 26. axb5 h5 27. Nf1 Qe8 28. Qg5 Nd7 29. Rd6 Rf7 30. Red1 a4 31. Ne3 bxc3 32. bxc3 c4 33. Ra6 Nc5 34. Qxe5+ Kh7 35. Rc6 Rxc6 36. bxc6 Qxc6 37. Rd8 Rg7 38. Qf6 Nd7 39. Qd4 a3 40. Qa7 Qb6 41. Qxb6 Nxb6 42. Rd2 Ra7 43. Ra2 Ra4 44. Nc2 Kg7 45. Rxa3 Kf6 46. Kf2 Ke5 47. Ke3 g5 48. g3 Kd6 49. Rxa4 Nxa4 50. Kd4 Nb2 51. f4 gxf4 52. gxf4 h4 53. Ne3 Na4 54. Nxc4+ Ke7 55. Ne3 Nb2 56. Ng2 Nd1 57. Nxh4 Nf2 58. Nf3 Nxh3 59. c4 Nxf4 60. c5 Kd7 61. Ne5+ Kc7 62. Nd3 Ng6 63. Ne5 Nf4 64. Ke3 Nh3 65. Kf3 Ng5+ 66. Kg4 Nh3 67. Kxh3 1-0


[Site "https://www.chess.com"]

[Event "Titled Tuesday Blitz March 21 Early 2023"]
[White "Horak, Martin"]
[Black "Mindlin, Alon"]
[WhiteFideId "367095"]
[BlackFideId "2800071"]
[WhiteElo "2091"]
[BlackElo "2430"]
[Result "0-1"]
[Round "03"]
[TimeControl "180+2"]
[Date "2023.03.21"]
[WhiteClock "0:00:36"]
[BlackClock "0:01:03"]

1. e4 e5 2. f4 d5 3. exd5 exf4 4. Nf3 Nf6 5. Bb5+ Bd7 6. Bxd7+ Qxd7 7. O-O Nxd5 8. c4 Nf6 9. d4 Be7 10. Bxf4 O-O 11. Nc3 Rd8 12. Qc2 Nc6 13. Rad1 h6 14. a3 Bd6 15. Ne5 Qe8 16. Rfe1 Bxe5 17. Bxe5 Nxe5 18. Rxe5 Qc6 19. b3 Re8 20. Rde1 Rxe5 21. Rxe5 Qd6 22. Nb5 Qd7 23. Qe2 c6 24. Re7 Qd8 25. Nc7 Qxd4+ 26. Qe3 Qxe3+ 27. Rxe3 Rc8 0-1


[Site "https://www.chess.com"]

[Event "Titled Tuesday Blitz March 21 Early 2023"]
[White "Sanchez Alvares, Kelvin Antonio"]
[Black "Skvortsov, Andrei"]
[WhiteFideId "3906680"]
[BlackFideId "24108600"]
[WhiteElo "2217"]
[BlackElo "2259"]
[Result "0-1"]
[Round "03"]
[TimeControl "180+2"]
[Date "2023.03.21"]
[WhiteClock "0:00:04"]
[BlackClock "0:00:12"]

1. e4 d6 2. d4 Nf6 3. Nc3 e5 4. Nf3 Nbd7 5. g4 Nxg4 6. Rg1 exd4 7. Nxd4 Ngf6 8. Bg5 h6 9. Bh4 c6 10. Qd3 Nc5 11. Qe2 Ne6 12. Nf5 Nf4 13. Qe3 g5 14. O-O-O Bxf5 15. exf5+ Qe7 16. Qd4 O-O-O 17. Bg3 c5 18. Qa4 a6 19. Bxf4 gxf4 20. Qxf4 h5 21. Kb1 Bh6 22. Qf3 Kb8 23. Bg2 Qc7 24. Nd5 Nxd5 25. Qxd5 Rhe8 26. Bf3 Re5 27. Qd3 c4 28. Qf1 Rxf5 29. Qh3 Ra5 30. c3 Qc5 31. Rd5 Qxf2 32. Rf1 Qb6 33. Qxh5 Bg7 34. Rxa5 Bxc3 35. Rb5 axb5 36. bxc3 b4 37. Kc2 bxc3 38. Rb1 Qf2+ 39. Kxc3 Qe3+ 40. Kc2 Qd3+ 41. Kc1 Qc3+ 42. Kd1 Qd3+ 43. Kc1 Qa3+ 44. Kd1 d5 45. Qe5+ Ka8 46. Qb2 Qxf3+ 47. Ke1 Qe4+ 48. Kf1 Qd3+ 49. Kf2 Qf5+ 50. Ke1 Re8+ 51. Kd1 Qd3+ 0-1


[Site "https://www.chess.com"]

[Event "Titled Tuesday Blitz March 21 Early 2023"]
[White "Preotu, Razvan"]
[Black "Nguyen Hong Nhung"]
[WhiteFideId "2613280"]
[BlackFideId "12412201"]
[WhiteElo "2407"]
[BlackElo "1904"]
[Result "1-0"]
[Round "03"]
[TimeControl "180+2"]
[Date "2023.03.21"]
[WhiteClock "0:00:17"]
[BlackClock "0:00:34"]

1. e4 c5 2. Nf3 e6 3. c3 Nf6 4. e5 Nd5 5. d4 cxd4 6. cxd4 d6 7. Bc4 Be7 8. O-O O-O 9. Qe2 b6 10. Rd1 Nc6 11. a3 Bb7 12. Bxd5 exd5 13. Nc3 Na5 14. Bf4 Rc8 15. Nb5 Ba6 16. a4 Qd7 17. Re1 dxe5 18. Nxe5 Qf5 19. Qf3 Nb3 20. Qxb3 Qxf4 21. Nxa7 Rc7 22. Qxb6 Rc2 23. Nf3 Be2 24. Qb3 Bxf3 25. Qxf3 Qxf3 26. gxf3 Bf6 27. Nb5 Rxb2 28. Reb1 Rd2 29. a5 Rc2 30. a6 Rcc8 31. a7 h5 32. Rc1 Ra8 33. Nc7 Bxd4 34. Nxa8 Rxa8 35. Ra4 Bxa7 36. Rca1 Bxf2+ 37. Kxf2 Re8 38. Ra8 Kf8 39. Rxe8+ Kxe8 40. Rd1 Ke7 41. Rxd5 g6 42. Ra5 Kf6 43. h4 Kg7 44. Ke3 Kh6 45. f4 f6 46. Ke4 f5+ 47. Ke5 Kg7 48. Ra7+ Kh6 49. Kf6 g5 50. fxg5# 1-0


[Site "https://www.chess.com"]

[Event "Titled Tuesday Blitz March 21 Early 2023"]
[White "Manukyan, Sargis A."]
[Black "Pham, Le Thao Nguyen"]
[WhiteFideId "13303970"]
[BlackFideId "12401226"]
[WhiteElo "2187"]
[BlackElo "2282"]
[Result "1-0"]
[Round "03"]
[TimeControl "180+2"]
[Date "2023.03.21"]
[WhiteClock "0:02:30"]
[BlackClock "0:00:13"]

1. d4 d5 2. c4 c6 3. Nc3 Nf6 4. e3 a6 5. Nf3 b5 6. b3 Bg4 7. Qc2 Bxf3 8. gxf3 e6 9. f4 Nbd7 10. c5 g6 11. a3 Bg7 12. Bb2 Qb8 13. Nb1 Ne4 14. Nd2 Nxd2 15. Qxd2 Qd8 16. h4 h5 17. Bd3 Bf6 18. O-O-O Bxh4 19. Qc2 Nf8 20. e4 dxe4 21. Bxe4 Rc8 22. d5 Bf6 23. dxe6 Qe7 24. exf7+ Kxf7 25. Bxf6 Qxf6 26. Rd6 Qxf4+ 27. Kb1 g5 28. Re1 h4 29. Bxc6 h3 30. Bd5+ Kg7 31. Re7+ 1-0


[Site "https://www.chess.com"]

[Event "Titled Tuesday Blitz March 21 Early 2023"]
[White "Villalba, Marcelo"]
[Black "Perez Gormaz, Matias"]
[WhiteFideId "3701859"]
[BlackFideId "3406342"]
[WhiteElo "2191"]
[BlackElo "2362"]
[Result "0-1"]
[Round "03"]
[TimeControl "180+2"]
[Date "2023.03.21"]
[WhiteClock "0:00:05"]
[BlackClock "0:00:30"]

1. e4 c5 2. Nf3 e6 3. Nc3 a6 4. d4 cxd4 5. Nxd4 Qc7 6. Bd3 Nf6 7. O-O d6 8. f4 Nbd7 9. Qf3 Be7 10. Kh1 b5 11. Bd2 Bb7 12. Rae1 O-O 13. Qh3 Qc5 14. e5 Qxd4 15. exf6 Nxf6 16. f5 e5 17. Bg5 d5 18. a3 Rfe8 19. Rf3 Qg4 20. Qxg4 Nxg4 21. Bxe7 Rxe7 22. Rg3 Nf6 23. Rge3 Rae8 24. R3e2 Kf8 25. Nd1 e4 26. c3 exd3 0-1


[Site "https://www.chess.com"]

[Event "Titled Tuesday Blitz March 21 Early 2023"]
[White "Santos Flores, Alberto"]
[Black "Krysa, Leandro"]
[WhiteFideId "3601234"]
[BlackFideId "116807"]
[WhiteElo "2235"]
[BlackElo "2485"]
[Result "0-1"]
[Round "03"]
[TimeControl "180+2"]
[Date "2023.03.21"]
[WhiteClock "0:00:10"]
[BlackClock "0:00:28"]

1. e4 c5 2. Nf3 Nc6 3. Nc3 d6 4. d4 cxd4 5. Nxd4 Nf6 6. Bg5 e6 7. Bb5 Bd7 8. Bxc6 Bxc6 9. Nxc6 bxc6 10. Qf3 h6 11. Bxf6 Qxf6 12. Qxf6 gxf6 13. f4 d5 14. O-O-O Bb4 15. Rhe1 O-O-O 16. a3 Bxc3 17. bxc3 h5 18. c4 dxe4 19. Rxe4 h4 20. Rxd8+ Kxd8 21. Re3 Rg8 22. g3 hxg3 23. hxg3 Rh8 24. Kb2 Rh1 25. Kc3 c5 26. Kb3 Kc7 27. Kc3 Rg1 28. Kb3 Rb1+ 29. Kc3 Kc6 30. Rf3 f5 31. Rd3 Rg1 32. Kb3 Rg2 33. Re3 Kd6 34. Rd3+ Kc6 35. Re3 Rd2 36. Rd3 Re2 37. Kc3 a5 38. Kb3 f6 39. Rf3 Re4 40. Kc3 a4 41. Kd3 Rd4+ 42. Kc3 Rd1 43. Re3 Kd6 44. Rd3+ Rxd3+ 45. cxd3 e5 46. Kd2 Ke6 47. Ke3 Kf7 48. Kf3 Kg6 49. g4 fxg4+ 50. Kxg4 f5+ 51. Kf3 exf4 52. Kxf4 Kf6 53. Kf3 Ke5 54. Ke3 f4+ 55. Kf3 Kd4 56. Kxf4 Kxd3 57. Ke5 Kxc4 58. Ke4 Kb3 0-1


[Site "https://www.chess.com"]

[Event "Titled Tuesday Blitz March 21 Early 2023"]
[White "HSH1987"]
[Black "Omelja, Artem"]
[BlackFideId "14119846"]
[WhiteElo "2711"]
[BlackElo "2404"]
[Result "0-1"]
[Round "03"]
[TimeControl "180+2"]
[Date "2023.03.21"]
[WhiteClock "0:01:45"]
[BlackClock "0:00:54"]

1. Nf3 Nf6 2. g3 e6 3. Bg2 d5 4. O-O Be7 5. d3 O-O 6. Bf4 c5 7. e4 dxe4 8. dxe4 Qxd1 9. Rxd1 Nxe4 10. Ne5 Nf6 11. Nc3 Nbd7 12. Nc4 Nb6 13. Na5 Nbd5 14. Nxd5 exd5 15. Bxd5 Nxd5 16. Rxd5 Be6 17. Rd2 b6 18. Nc6 Bf6 19. Be5 Rfc8 20. Bxf6 Rxc6 21. Be5 Rac8 22. a3 b5 23. f3 f6 24. Bc3 Kf7 25. Rad1 h5 26. Kf2 Bf5 27. h4 b4 28. axb4 cxb4 29. Bxb4 Rxc2 30. Bc3 Rxd2+ 31. Rxd2 Rc7 32. Rd4 Rd7 33. Ra4 Bd3 34. Ke3 a6 35. Kf4 Bb5 36. Re4 Bc6 37. Rc4 Bb5 38. Rc8 Kg6 39. g4 hxg4 40. fxg4 Kf7 41. Rb8 Rc7 42. Rb6 Rc4+ 43. Kf3 Kg6 44. h5+ Kh7 45. Rb7 Bc6+ 0-1


[Site "https://www.chess.com"]

[Event "Titled Tuesday Blitz March 21 Early 2023"]
[White "Shapiro, Viktor"]
[Black "Schmakel, Sam"]
[WhiteFideId "4175700"]
[BlackFideId "2039311"]
[WhiteElo "2152"]
[BlackElo "2356"]
[Result "0-1"]
[Round "03"]
[TimeControl "180+2"]
[Date "2023.03.21"]
[WhiteClock "0:00:03"]
[BlackClock "0:00:23"]

1. c4 c5 2. Nc3 Nc6 3. g3 g6 4. Bg2 Bg7 5. Nf3 d6 6. d3 Bf5 7. O-O Qd7 8. h4 Bh3 9. a3 Nf6 10. Rb1 Bxg2 11. Kxg2 d5 12. cxd5 Nxd5 13. Bd2 Nxc3 14. bxc3 b6 15. Qa4 Rd8 16. Rfd1 h5 17. e3 O-O 18. d4 Qd5 19. c4 Qe4 20. Bc3 cxd4 21. exd4 Nxd4 22. Bxd4 Bxd4 23. Qxa7 Bc5 24. Qa4 Ra8 25. Qb5 Ra5 26. Qd7 Rxa3 27. Qd5 Qxd5 28. cxd5 Ra2 29. Nd2 f5 30. Ra1 Rfa8 31. Nb3 Rxf2+ 32. Kh1 Rxa1 33. Nxa1 Bd6 34. Nb3 Bxg3 35. Nd4 Bxh4 36. Ne6 Kf7 37. Rb1 Bf6 38. Rxb6 Rd2 39. Nf4 h4 40. Rb8 Be5 0-1


[Site "https://www.chess.com"]

[Event "Titled Tuesday Blitz March 21 Early 2023"]
[White "Hernandez Gonzalez, William"]
[Black "Belov, Alexei"]
[WhiteFideId "3509915"]
[BlackFideId "4128206"]
[WhiteElo "2374"]
[BlackElo "2498"]
[Result "1-0"]
[Round "03"]
[TimeControl "180+2"]
[Date "2023.03.21"]
[WhiteClock "0:00:10"]
[BlackClock "0:00:16"]

1. e4 e6 2. d4 d5 3. Nc3 Nf6 4. e5 Ne4 5. Bd3 Nxc3 6. bxc3 c5 7. Nf3 Nc6 8. O-O Qa5 9. Bd2 c4 10. Be2 f6 11. exf6 gxf6 12. Nh4 Bd6 13. Bh5+ Kd7 14. Qg4 Ne7 15. Qg7 Rg8 16. Qxf6 Kc7 17. Bf4 Bd7 18. Bf7 Rgf8 19. Bxd6+ Kxd6 20. Qe5+ Kc6 21. Bxe6 Qc7 22. Nf3 Ng6 23. Bxd7+ Qxd7 24. Qh5 Rf5 25. Qh6 Qd6 26. Nh4 Rf7 27. Nxg6 hxg6 28. Rae1 Rf5 29. Re5 Raf8 30. f4 Qf6 31. Rxf5 Qxf5 32. Qg7 Rf6 33. Qe7 Re6 34. Qd8 Qxc2 35. Qc8+ Kd6 36. Qc5+ Kd7 37. Qxd5+ Ke7 38. Qxb7+ Kf6 39. Qf3 Re2 40. h4 Qxa2 41. f5 gxf5 42. Qxf5+ Ke7 43. Qh7+ Kd6 44. Qg6+ Re6 45. Qg3+ Kc6 46. Rf5 Qc2 47. Rc5+ Kb6 48. Qc7+ 1-0


[Site "https://www.chess.com"]

[Event "Titled Tuesday Blitz March 21 Early 2023"]
[White "Kopczynski, Michal"]
[Black "Karthik Rajaa"]
[WhiteFideId "1124200"]
[BlackFideId "25035215"]
[WhiteElo "2212"]
[BlackElo "2215"]
[Result "0-1"]
[Round "03"]
[TimeControl "180+2"]
[Date "2023.03.21"]
[WhiteClock "0:01:14"]
[BlackClock "0:01:52"]

1. e4 c6 2. d4 d5 3. e5 Bf5 4. g4 Bd7 5. Bd3 c5 6. dxc5 Nc6 7. f4 h5 8. g5 g6 9. Nc3 e6 10. Nf3 Bxc5 11. Bd2 Nge7 12. Qe2 a6 13. O-O-O b5 14. f5 gxf5 15. h4 Ng6 16. Bxf5 exf5 17. Nxd5 Be6 18. Nf6+ Kf8 19. Bb4 Qe7 20. Bxc5 Qxc5 21. Rhe1 Kg7 22. Nd2 Nd4 23. Qd3 Nf4 0-1


[Site "https://www.chess.com"]

[Event "Titled Tuesday Blitz March 21 Early 2023"]
[White "Ben Artzi, Ido"]
[Black "Larino Nieto, David"]
[WhiteFideId "2810913"]
[BlackFideId "2256444"]
[WhiteElo "2204"]
[BlackElo "2506"]
[Result "0-1"]
[Round "03"]
[TimeControl "180+2"]
[Date "2023.03.21"]
[WhiteClock "0:02:11"]
[BlackClock "0:02:44"]

1. d4 e6 2. c4 d6 3. Nc3 Ne7 4. e4 Nd7 5. Nf3 b6 6. Be2 Bb7 7. O-O a6 8. Be3 h6 9. b3 g5 10. d5 e5 11. h4 Ng6 12. hxg5 hxg5 13. Bxg5 Be7 14. Bxe7 Qxe7 15. g3 O-O-O 16. Re1 f5 17. exf5 Qh7 18. Kf1 Qh3+ 0-1


[Site "https://www.chess.com"]

[Event "Titled Tuesday Blitz March 21 Early 2023"]
[White "Staudenhocker43"]
[Black "Kowalczyk, Pawel"]
[BlackFideId "1130641"]
[WhiteElo "2483"]
[BlackElo "2324"]
[Result "1-0"]
[Round "03"]
[TimeControl "180+2"]
[Date "2023.03.21"]
[WhiteClock "0:00:32"]
[BlackClock "0:01:04"]

1. c4 Nf6 2. Nc3 e5 3. Nf3 Nc6 4. e3 Bb4 5. Qc2 O-O 6. Nd5 h6 7. a3 Be7 8. b4 d6 9. Nxe7+ Nxe7 10. Bb2 Bf5 11. d3 Re8 12. Be2 Qd7 13. O-O Ng6 14. h3 e4 15. dxe4 Bxe4 16. Bd3 Bxf3 17. Bxg6 Bxg2 18. Kxg2 fxg6 19. Bxf6 gxf6 20. Qxg6+ Qg7 21. Qxg7+ Kxg7 22. Kf3 Kf7 23. Rg1 a5 24. b5 Re5 25. Rg4 Rg5 26. Rag1 Re8 27. h4 Rxg4 28. Rxg4 Re5 29. Rd4 Ke6 30. Kg4 h5+ 31. Kg3 c6 32. a4 Rc5 33. bxc6 Rxc6 34. Rd5 b6 35. Rxh5 Rxc4 36. Rb5 Rxa4 37. Rxb6 Ra1 38. Ra6 Ke5 39. h5 d5 40. Kg2 Kf5 41. h6 Kg6 42. h7 Kxh7 43. Rxf6 Rb1 44. Ra6 Rb5 45. Kf3 Kg7 46. Kf4 Kf7 47. Ke5 Ke7 48. Ra7+ Kd8 49. f4 Kc8 50. f5 d4+ 51. Kxd4 Rxf5 52. e4 Rb5 53. Kc4 Rb4+ 54. Kd5 Rb5+ 55. Kc6 Rb8 56. Rh7 1-0


[Site "https://www.chess.com"]

[Event "Titled Tuesday Blitz March 21 Early 2023"]
[White "Hamitevici, Vladimir"]
[Black "Stelmaszyk, Nico"]
[WhiteFideId "13902393"]
[BlackFideId "16200462"]
[WhiteElo "2401"]
[BlackElo "2255"]
[Result "1-0"]
[Round "03"]
[TimeControl "180+2"]
[Date "2023.03.21"]
[WhiteClock "0:00:12"]
[BlackClock "0:00:08"]

1. a3 a6 2. c4 c5 3. Nc3 Nc6 4. g3 g6 5. Bg2 Bg7 6. d3 d6 7. Bd2 Bd7 8. b4 Nf6 9. Rb1 cxb4 10. axb4 b5 11. cxb5 axb5 12. Nxb5 Rb8 13. Na3 O-O 14. b5 Nd4 15. Qa4 Ne6 16. d4 Qb6 17. e3 Nc7 18. Ba5 Qa7 19. Ne2 Bxb5 20. Nxb5 Rxb5 21. Rxb5 Nxb5 22. Qxb5 Rb8 23. Qa4 Rb1+ 24. Kd2 Rb2+ 25. Kd1 Qa6 26. Nc1 Rxf2 27. Bc6 Ng4 28. Re1 Rf1 29. Bb5 Rxe1+ 30. Kxe1 Qa8 31. Bc6 Qc8 32. Bd2 Nxh2 33. Qa8 Qxa8 34. Bxa8 h5 35. Nd3 Bh6 36. Nf4 Ng4 37. Ke2 Kg7 38. Bf3 Nf6 39. Bc3 Bg5 40. Nh3 Kh6 41. Nxg5 Kxg5 42. e4 Kh6 43. e5 dxe5 44. dxe5 Nd7 45. Kd3 e6 46. Kd4 Kg7 47. Bc6 Nf8 48. Bb4 Nh7 49. Be7 g5 50. Be8 h4 51. gxh4 gxh4 52. Bxh4 f6 53. Bd7 Kf7 54. Bc8 fxe5+ 55. Kxe5 Nf8 56. Ke4 Ng6 57. Kf3 Kg7 58. Bg3 Kf7 59. Kg2 Kf6 60. Ba6 Kf5 61. Bc4 Kf6 62. Bd3 Kg5 63. Kf3 Kf6 64. Bf2 Kg5 65. Ke2 Kf6 66. Bc2 Kg5 67. Be3+ Kf6 68. Kd3 Kf7 69. Ke4 Kf6 70. Bd4+ Kf7 71. Bb3 Ke7 72. Be3 Kf7 73. Kf3 Kf6 74. Kg4 Ne5+ 75. Kf4 Ng6+ 76. Ke4 Kf7 77. Bg5 Nf8 78. Bh4 Ng6 79. Be1 Kf6 80. Bc3+ Kf7 81. Kf3 Ne7 82. Bb2 Nd5 83. Ke4 Ne7 84. Ke5 Ng6+ 85. Kd6 Nf8 86. Bc3 Ke8 87. Bg7 Kf7 88. Bh6 Ke8 89. Bd1 Kf7 90. Bh5+ Ng6 91. Bg5 Kg7 92. Kxe6 Nf8+ 93. Kf5 Nh7 94. Be7 Nf8 95. Be8 Nh7 96. Bd7 Kf7 97. Bd6 Nf8 98. Bc6 Kg7 99. Bd5 Nh7 100. Be5+ Kh6 101. Be6 Nf8 102. Bf7 Nh7 103. Be8 Nf8 104. Kf6 Nh7+ 105. Ke6 Ng5+ 106. Kf5 Nh7 107. Bg6 Nf8 108. Bf7 Nh7 109. Bh8 Nf8 110. Bc3 Nh7 111. Bb4 Nf8 112. Bxf8+ 1-0


[Site "https://www.chess.com"]

[Event "Titled Tuesday Blitz March 21 Early 2023"]
[White "Bronstein, Or"]
[Black "Principe, Gerson"]
[WhiteFideId "2815770"]
[BlackFideId "3804550"]
[WhiteElo "2356"]
[BlackElo "2229"]
[Result "1-0"]
[Round "03"]
[TimeControl "180+2"]
[Date "2023.03.21"]
[WhiteClock "0:01:03"]
[BlackClock "0:00:57"]

1. e4 c6 2. d4 d5 3. e5 c5 4. dxc5 e6 5. a3 Bxc5 6. b4 Qc7 7. Bb2 Be7 8. Bd3 Nc6 9. Nf3 f5 10. Nbd2 Bd7 11. c4 dxc4 12. Nxc4 Nh6 13. Nd6+ Kf8 14. Rc1 a6 15. O-O Nf7 16. Nxf7 Kxf7 17. Qb3 Rhd8 18. Bxf5 g6 19. Bg4 Qb6 20. h4 a5 21. Rfd1 1-0


[Site "https://www.chess.com"]

[Event "Titled Tuesday Blitz March 21 Early 2023"]
[White "Khamdamova, Afruza"]
[Black "Korchmar, Vasiliy"]
[WhiteFideId "14210444"]
[BlackFideId "24131750"]
[WhiteElo "2210"]
[BlackElo "2370"]
[Result "0-1"]
[Round "03"]
[TimeControl "180+2"]
[Date "2023.03.21"]
[WhiteClock "0:00:02"]
[BlackClock "0:02:13"]

1. e4 c5 2. Nf3 d6 3. d4 cxd4 4. Nxd4 Nf6 5. Nc3 Nc6 6. Be2 g6 7. Be3 Bg7 8. Qd2 O-O 9. O-O-O Ng4 10. Bxg4 Bxg4 11. f3 Bd7 12. Kb1 Ne5 13. Qe2 Rc8 14. g4 Rxc3 15. bxc3 Qa5 16. Bd2 Rc8 17. Nb3 Qa4 18. Bc1 Nc4 19. Qd3 Rc6 20. Rdf1 Ra6 21. a3 Bb5 22. Qd5 Nxa3+ 23. Bxa3 Qxa3 24. Qd2 Rc6 25. Qc1 Qa4 0-1


[Site "https://www.chess.com"]

[Event "Titled Tuesday Blitz March 21 Early 2023"]
[White "Darini, Pouria"]
[Black "Donskov, Anatoly"]
[WhiteFideId "12502200"]
[BlackFideId "24143413"]
[WhiteElo "2482"]
[BlackElo "2247"]
[Result "1-0"]
[Round "03"]
[TimeControl "180+2"]
[Date "2023.03.21"]
[WhiteClock "0:00:30"]
[BlackClock "0:00:01"]

1. e4 c5 2. Nf3 e6 3. d4 cxd4 4. Nxd4 Nf6 5. Nc3 Nc6 6. Nxc6 bxc6 7. Bd3 d5 8. O-O Be7 9. Qe2 O-O 10. b3 a5 11. Bb2 Nd7 12. Rad1 Nc5 13. exd5 cxd5 14. Bb5 Bf6 15. Qf3 Ba6 16. Bxa6 Rxa6 17. Ba3 Qc8 18. Nb5 Ne4 19. c4 Rd8 20. cxd5 exd5 21. Rc1 Qb8 22. Qd3 Be5 23. g3 Rh6 24. Nd4 Qb7 25. Nf5 Rh5 26. Ne7+ Kh8 27. Qf3 Nf6 28. Nc6 Qd7 29. Nxd8 Qxd8 30. Rfe1 h6 31. h4 Qd7 32. Kg2 Rf5 33. Qd3 d4 34. Qc4 Kh7 35. Qc6 Qd8 36. f4 Bb8 37. Rc5 Rxc5 38. Bxc5 Ng4 39. Qe4+ g6 40. Bxd4 Qd6 41. h5 1-0


[Site "https://www.chess.com"]

[Event "Titled Tuesday Blitz March 21 Early 2023"]
[White "Eynullayev, Atilla"]
[Black "Matinian, Nikita"]
[WhiteFideId "13413570"]
[BlackFideId "24129100"]
[WhiteElo "2181"]
[BlackElo "2422"]
[Result "1-0"]
[Round "03"]
[TimeControl "180+2"]
[Date "2023.03.21"]
[WhiteClock "0:00:04"]
[BlackClock "0:00:02"]

1. d4 Nf6 2. c4 e6 3. Nc3 Bb4 4. e3 b6 5. Ne2 Ba6 6. a3 Bxc3+ 7. Nxc3 O-O 8. Be2 d5 9. b3 c5 10. O-O cxd4 11. exd4 Nc6 12. Be3 Rc8 13. Rc1 dxc4 14. bxc4 Na5 15. c5 Bxe2 16. Nxe2 Nd5 17. Qd3 Qe7 18. Bd2 Nc6 19. Qb5 Qd7 20. Rfd1 Rfd8 21. Bg5 f6 22. Bh4 Nce7 23. Qa6 Nf5 24. Bg3 h5 25. h3 h4 26. Bh2 Kf7 27. Qd3 Qa4 28. Qf3 g6 29. Qe4 bxc5 30. Nf4 Nxf4 31. Bxf4 Nxd4 32. Qe3 g5 33. Bh2 Nf5 34. Qe2 Ng7 35. Re1 Rd5 36. Qf3 Qd7 37. Rb1 Kg6 38. Rb2 e5 39. Qe4+ Nf5 40. g4 hxg3 41. fxg3 Rd4 42. Qb1 Rd3 43. Rb7 Qd4+ 44. Kh1 1-0


[Site "https://www.chess.com"]